 Dungeon Crawl Stone Soup version 0.30-a0-172-gc5509c9e31 (webtiles) character file.

Game seed: 6768768734761789826

157 epen the Firebug (level 5, -1/37 HPs)
             Began as a Gnoll Fire Elementalist on Oct 1, 2022.
             Killed by divine providence
             ... invoked by an orc priest
              (13 damage)
             ... on level 3 of the Dungeon.
             The game lasted 00:04:31 (2985 turns).

epen the Firebug (Gnoll Fire Elementalist)          Turns: 2985, Time: 00:04:31

Health: -1/37      AC:  3    Str:  7    XL:     5   Next: 38%
Magic:  7/12       EV: 14    Int: 14    God:
Gold:   95         SH:  0    Dex: 15    Spells: 11/14 levels left

rFire   . . .      SeeInvis .    j - +1 dagger (venom)
rCold   . . .      Faith    .    (no shield)
rNeg    . . .      Spirit   .    a - +0 robe
rPois   .          Reflect  .    (no helmet)
rElec   .          Harm     .    n - +0 cloak
rCorr   .          Rampage  .    (no gloves)
Will    .....                    (no boots)
Stlth   +++.......               (no amulet)
HPRegen 0.26/turn                (no ring)
MPRegen 0.13/turn                (no ring)

@: no status effects
A: fangs 1, strong nose, distributed training
a: no special abilities


You were on level 3 of the Dungeon.
You visited 1 branch of the dungeon, and saw 4 of its levels.

You collected 95 gold pieces.

Inventory:

Hand Weapons
 c - a +0 dagger
 j - a +1 dagger of venom (weapon)
Armour
 a - a +0 robe (worn)
 n - a +0 cloak (worn)
Magical Staves
 h - a staff of conjuration
Jewellery
 m - a ring of protection from fire
 o - a ring of positive energy
Scrolls
 d - a scroll of teleportation
 g - a scroll of noise
 i - a scroll of immolation {unknown}
 q - a scroll of butterflies
Potions
 b - 3 potions of magic
 e - a potion of heal wounds {unknown}
 f - a potion of berserk rage {unknown}
 k - a potion of lignification {unknown}
 l - 3 potions of ambrosia {unknown}
 p - 2 potions of cancellation {unknown}
 r - 2 potions of curing {unknown}


   Skills:
 + Level 1.5 Fighting
 + Level 1.5 Short Blades
 + Level 1.5 Long Blades
 + Level 1.5 Axes
 + Level 1.5 Maces & Flails
 + Level 1.5 Polearms
 + Level 1.5 Staves
 + Level 1.5 Ranged Weapons
 + Level 1.5 Throwing
 + Level 1.5 Armour
 + Level 4.8 Dodging
 + Level 4.4 Stealth
 + Level 1.5 Shields
 + Level 1.5 Unarmed Combat
 + Level 5.2 Spellcasting
 + Level 2.4 Conjurations
 + Level 1.2 Hexes
 + Level 1.2 Summonings
 + Level 1.2 Necromancy
 + Level 1.2 Translocations
 + Level 1.2 Transmutations
 + Level 5.5 Fire Magic
 + Level 1.2 Ice Magic
 + Level 1.2 Air Magic
 + Level 1.2 Earth Magic
 + Level 1.2 Poison Magic
 + Level 1.7 Invocations
 + Level 1.5 Evocations


You had 11 spell levels left.
You knew the following spells:

 Your Spells              Type           Power      Damage    Failure   Level
a - Foxfire               Conj/Fire      56%        2x1d6     3%          1
b - Scorch                Fire           38%        2d7       2%          2

Your spell library contained the following spells:

 Spells                   Type           Power      Damage    Failure   Level
 Beastly Appendage        Tmut           14%        N/A       11%         1
 Inner Flame              Hex/Fire       13%        N/A       13%         3
 Wereblood                Tmut           7%         N/A       16%         2
 Kindle Blastsparks       Fire/Tloc/Air  22%        2d11      17%         3
 Spider Form              Tmut/Pois      7%         N/A       30%         3
 Flame Wave               Conj/Fire      14%        2d6       32%         4


Dungeon Overview and Level Annotations

Branches:
Dungeon (4/15)
 Temple: D:4-7

Altars:
Ashenzari


Innate Abilities, Weirdness & Mutations

You have very sharp teeth.
Your uncanny sense of smell can sniff out nearby items.
Your experience applies equally to all skills.


Message History

Flames lash the orc.
The orc is severely wounded.
The orc's fire resistance burns away.
Casting: Scorch (safe; 2% risk of failure)
Confirm with . or Enter, or press ? or * to list all spells.
Okay, then.
The orc throws a boomerang.
The boomerang barely misses you. The orc closely misses you.
Things that are here:
a +0 short sword; an orc corpse You closely miss the orc.
The orc is severely wounded.
The orc closely misses you.
You hit the orc.
The orc is poisoned.
You bite the orc, but do no damage.
The orc is severely wounded.
The orc is no longer more vulnerable to fire.
The orc barely misses you.
You hit the orc.
You kill the orc!
The orc closely misses you. The orc barely misses you.
Casting: Scorch (safe; 2% risk of failure)
Confirm with . or Enter, or press ? or * to list all spells.
Flames lash the orc.
The orc is almost dead.
The orc's fire resistance burns away.
The orc closely misses you. x2
You hit the orc.
The orc is moderately wounded.
The orc hits you with a +0 flail.
The orc hits you from afar with a +0 trident!
The orc priest mumbles some strange prayers to Beogh against you.
Beogh smites you!
You hit the orc.
The orc is poisoned.
You bite the orc, but do no damage.
The orc is severely wounded.
The orc misses you. The orc closely misses you.
You hit the orc.
You kill the orc!
The orc hits you but does no damage.
The orc priest calls down the wrath of Beogh upon you.
Beogh smites you!
You die...

#oo. # .#.# ...## #######
... . #.....# ##.# .# ####
#.....#######)oo#..# :....
#...........@)###.## #....
#.....##..#........# .
.....
#.....###....##..#....
.....
#.....##...†..........
#####
#######..#............
#.... ##..##############
#..## #.>## ###8###8###
#.# # #.##.##8...8...8###
#.###
##.##.##.^.......###.#....


You could see an orc priest and an orc (combustible).

Vanquished Creatures
  Jessica (D:2)
  5 adders
  4 worms
  2 dart slugs
  3 orcs (D:3)
  3 ball pythons
  6 bats
  4 endoplasms
  A giant cockroach (D:3)
  8 goblins
  6 hobgoblins
  9 jackals
  3 quokkas
  3 frilled lizards (D:1)
  4 kobolds
  3 rats (D:2)
65 creatures vanquished.

Vanquished Creatures (others)
  18 foxfires
18 creatures vanquished.

Grand Total: 83 creatures vanquished

Notes
Turn   | Place    | Note
-------+----------+-------------------------------------------
     0 | D:1      | epen the Gnoll Fire Elementalist began the quest for the
                  | Orb.
     0 | D:1      | Reached XP level 1. HP: 13/13 MP: 6/6
     2 | D:1      | Noticed a felid
     2 | D:1      | Noticed a draconian
     4 | D:1      | Noticed an elf
     6 | D:1      | Noticed a troll
     6 | D:1      | Noticed an octopode
     8 | D:1      | Noticed a vine stalker
     8 | D:1      | Noticed a ghoul
    10 | D:1      | Noticed a formicid
    12 | D:1      | Noticed a demonspawn
    12 | D:1      | Noticed a palentonga
    14 | D:1      | Noticed a minotaur
    14 | D:1      | Noticed a demigod
    16 | D:1      | Noticed a tengu
    18 | D:1      | Noticed a human
    18 | D:1      | Noticed a spriggan
    20 | D:1      | Noticed a naga
    20 | D:1      | Noticed a meteoran
    22 | D:1      | Noticed a merfolk
    22 | D:1      | Noticed a vampire
    24 | D:1      | Noticed an ogre
    24 | D:1      | Noticed an elf
    26 | D:1      | Noticed a draconian
   122 | D:1      | Reached XP level 2. HP: 19/19 MP: 5/7
   125 | D:1      | Learned a level 2 spell: Scorch
   899 | D:1      | Reached skill level 5 in Spellcasting
   899 | D:1      | Reached XP level 3. HP: 22/25 MP: 5/9
  1291 | D:2      | Reached skill level 1 in Invocations
  1403 | D:2      | Noticed Jessica
  1409 | D:2      | Killed Jessica
  1410 | D:2      | Reached skill level 1 in Fighting
  1410 | D:2      | Reached skill level 1 in Short Blades
  1410 | D:2      | Reached skill level 1 in Long Blades
  1410 | D:2      | Reached skill level 1 in Axes
  1410 | D:2      | Reached skill level 1 in Maces & Flails
  1410 | D:2      | Reached skill level 1 in Polearms
  1410 | D:2      | Reached skill level 1 in Staves
  1410 | D:2      | Reached skill level 1 in Ranged Weapons
  1410 | D:2      | Reached skill level 1 in Throwing
  1410 | D:2      | Reached skill level 1 in Armour
  1410 | D:2      | Reached skill level 1 in Shields
  1410 | D:2      | Reached skill level 1 in Unarmed Combat
  1410 | D:2      | Reached skill level 1 in Evocations
  1410 | D:2      | Reached XP level 4. HP: 26/32 MP: 8/11
  1419 | D:2      | Reached skill level 1 in Hexes
  1419 | D:2      | Reached skill level 1 in Summonings
  1419 | D:2      | Reached skill level 1 in Necromancy
  1419 | D:2      | Reached skill level 1 in Translocations
  1419 | D:2      | Reached skill level 1 in Transmutations
  1419 | D:2      | Reached skill level 1 in Ice Magic
  1419 | D:2      | Reached skill level 1 in Air Magic
  1419 | D:2      | Reached skill level 1 in Earth Magic
  1419 | D:2      | Reached skill level 1 in Poison Magic
  2160 | D:2      | Found a faded altar of an unknown god.
  2375 | D:3      | Reached XP level 5. HP: 37/37 MP: 4/12
  2845 | D:3      | Found a broken altar of Ashenzari.
  2985 | D:3      | Killed from afar by an orc priest

Illustrated notes

Levels and vault maps discovered:
D:1:      kb_arrival_jail, layout_basic, minmay_tetromino_i2
D:2:      layout_basic, dreamdust_ecumenical_altar_hidden_monk_grotto,
          uniq_jessica
D:3:      minmay_recursive_quarters, layout_rooms,
          nicolae_overflow_hidden_temple, minmay_misc_feat_cross
D:4:      layout_basic

Skill      XL: |  1  2  3  4 |
---------------+-------------+-----
Conjurations   | 2 |  2.4
Spellcasting   | 5 |  5.2
Invocations    | 1 |  1.7
Fighting       | 1 |  1.5
Short Blades   | 1 |  1.5
Long Blades    | 1 |  1.5
Axes           | 1 |  1.5
Maces & Flails | 1 |  1.5
Polearms       | 1 |  1.5
Staves         | 1 |  1.5
Ranged Weapons | 1 |  1.5
Throwing       | 1 |  1.5
Armour         | 1 |  1.5
Shields        | 1 |  1.5
Unarmed Combat | 1 |  1.5
Evocations     | 1 |  1.5
Hexes          | 1 |  1.2
Summonings     | 1 |  1.2
Necromancy     | 1 |  1.2
Translocations | 1 |  1.2
Transmutations | 1 |  1.2
Ice Magic      | 1 |  1.2
Air Magic      | 1 |  1.2
Earth Magic    | 1 |  1.2
Poison Magic   | 1 |  1.2
Dodging        | |  4.8
Stealth        | |  4.4
Fire Magic     | |  5.5

Action                   |  1- 3 |  4- 6 || total
-------------------------+-------+-------++-------
Melee: Unarmed           |    15 |       ||    15
       Dagger            |    44 |    87 ||   131
       Bite              |     7 |     9 ||    16
       Staff             |     2 |     4 ||     6
 Cast: Foxfire           |     8 |     2 ||    10
       Scorch            |    16 |    19 ||    35
  Use: Scroll            |       |     4 ||     4
 Stab: Sleeping          |     7 |       ||     7
Armor: Robe              |     6 |    13 ||    19
Dodge: Dodged            |    71 |    59 ||   130

Table legend: (Time is in decaauts)
 A = Elapsed time spent in this place.
 B = Non-inter-level travel time spent in this place.
 C = Inter-level travel time spent in this place.
 D = Time resting spent in this place.
 E = Time spent auto-exploring this place.
 F = Levels seen in this place.
 G = Mean time per level.
                   A        B        C        D        E       F      G
               +--------+--------+--------+--------+--------+-----+--------+
         Total |   2976 |   2903 |     73 |    326 |   2018 |   4 |  744.0 |
       Dungeon |   2976 |   2903 |     73 |    326 |   2018 |   4 |  744.0 |
               +--------+--------+--------+--------+--------+-----+--------+

Top non-repeatable levels by time:
     D:1: 1207 daAuts
     D:2: 1072 daAuts
     D:3: 647 daAuts
     D:4: 50 daAuts
